AoeStats
← Iguano Pop

Arabian Desert

508602140Analyzed
1v1 RM · 9d ago on Sep 23, 2026· 41m 12s· 2 players
Game mode
Random Map
Map size
Tiny (2 player)
Population
200
Speed
Normal
Resources
Standard
Victory
Conquest
Starting age
Dark Age
Ending age
Imperial Age
RankedLock teamsTeams togetherTeam positionsShared explorationLock speedFull tech treeHidden civsTurbo modeCheats
Victory
Defeat
🇨🇳 Franks · China
1380
+14
🇲🇽 Lithuanians · Mexico
1336
-14
Iguano Pop
7:12 Loom
9:32 Feudal Age
10:11 Double-Bit Axe
12:06 Horse Collar
13:00 Forging
22:41 Castle Age
22:03 Scale Barding Armor
22:04 Gold Mining
22:35 Bloodlines
23:54 Pikeman
25:46 Husbandry
25:23 Light Cavalry
28:57 Fletching
30:00 Squires
39:21 Chain Barding Armor
39:24 Town Watch
jibatang
6:13 Loom
9:04 Feudal Age
12:46 Double-Bit Axe
16:05 Forging
18:01 Wheelbarrow
21:16 Castle Age
20:37 Scale Barding Armor
20:24 Gold Mining
21:06 Fletching
22:11 Bodkin Arrow
22:32 Bow Saw
24:41 Chain Barding Armor
28:54 Husbandry
32:19 Hand Cart
31:49 Town Watch
32:42 Gold Shaft Mining
39:39 Imperial Age
37:36 Ballistics
39:53 Iron Casting
39:41 Cavalier
40:57 Plate Barding Armor
42:13 Blast Furnace
Connection lost

Rejoining the realm…

Still unreachable

The connection could not be restored.

Session expired

The server has moved on; the page needs a fresh start.